 Dungeon Crawl Stone Soup version 0.32-a0-314-g526f7d4993 (webtiles) character file.

Game seed: 8309162691716159268

3140 dialectric the Nimble (level 9, 0/48 HPs)
             Began as a Spriggan Brigand on Feb 16, 2024.
             Was a Believer of Dithmenos.
             Succumbed to a water moccasin's poison
             ... on level 8 of the Dungeon.
             The game lasted 00:12:26 (7870 turns).

dialectric the Nimble (Spriggan Brigand)            Turns: 7870, Time: 00:12:26

Health: 0/48       AC:  4    Str:  9    XL:     9   Next: 61%
Magic:  10/10      EV: 24    Int: 12    God:    Dithmenos [**....]
Gold:   395        SH:  0    Dex: 19    Spells: 8/8 levels left

rFire   . . .        a - +3 dagger
rCold   + . .        (no shield)
rNeg    . . .        b - +0 robe
rPois   .            (helmet restricted)
rElec   .            c - +1 cloak
rCorr   .            (gloves unavailable)
SInv    +            (boots unavailable)
Will    +....        (no amulet)
Stlth   +++++        t - ring of flight
HPRegen 0.28/turn    x - ring of protection from cold
MPRegen 0.12/turn

%: no passive effects
@: lethally poisoned (0 -> -22), flying, wreathed by umbra, very quick
A: very small, no large weapons, unfitting armour, see invisible, speed 3
a: Renounce Religion, Shadow Step


You were on level 8 of the Dungeon.
You worshipped Dithmenos.
Dithmenos was pleased with you.
You visited 2 branches of the dungeon, and saw 9 of its levels.
You also visited: Ossuary.

You collected 395 gold pieces.

Inventory:

Hand Weapons
 a - a +3 dagger (weapon)
 r - a +1 dagger of holy wrath
Missiles
 d - 29 poisoned darts (quivered)
 A - 2 atropa-tipped darts
 B - a curare-tipped dart
Armour
 b - a +0 robe (worn)
 c - a +1 cloak (worn)
Jewellery
 t - a ring of flight (left hand)
 x - a ring of protection from cold (right hand)
 z - a ring of fire
Wands
 e - a wand of polymorph (23)
 C - a wand of iceblast (11)
Scrolls
 i - 2 scrolls of amnesia {unknown}
 j - 2 scrolls of identify
 k - 3 scrolls of enchant armour
 l - 3 scrolls of fear
 n - 3 scrolls of teleportation
 s - a scroll of fog {unknown}
 u - a scroll of revelation
 v - 2 scrolls of vulnerability
 y - a scroll of summoning
Potions
 f - 4 potions of heal wounds {unknown}
 g - 5 potions of might
 h - a potion of degeneration {unknown}
 m - 3 potions of attraction {unknown}
 o - 4 potions of ambrosia {unknown}
 p - 2 potions of brilliance
 q - 3 potions of curing
 w - a potion of lignification {unknown}
 D - a potion of berserk rage {unknown}


   Skills:
 * Level 6.0 Fighting
 + Level 7.9 Short Blades
 - Level 5.0 Throwing
 * Level 9.6 Dodging
 - Level 8.0 Stealth


You had 8 spell levels left.
You didn't know any spells.
Your spell library contained the following spells:

 Spells                   Type           Power      Damage    Failure   Level
 Ensorcelled Hibernation  Hex/Ice        0%         N/A       45%         2
 Fugue of the Fallen      Necr           0%         N/A       69%         3
 Tukima's Dance           Hex            0%         N/A       69%         3
 Anguish                  Hex/Necr       0%         N/A       97%         4
 Dimensional Bullseye     Hex/Tloc       0%         N/A       97%         4
 Ignite Poison            Fire/Alch      0%         N/A       97%         4
 Iskenderun's Mystic Bla  Conj/Tloc      0%         2d3       97%         4
 Sticky Flame             Fire/Alch      0%         2d4       97%         4
 Ignition                 Fire           0%         3d3       100%        8


Dungeon Overview and Level Annotations

Branches:
Dungeon (8/15)             Temple (1/1) D:4         Ossuary (visited)
   Lair: D:8-11

Altars:
Cheibriados
Dithmenos
Elyvilon
Fedhas
Gozag
Hepliaklqana
Kikubaaqudgha
Nemelex Xobeh
Okawaru
Qazlal
Ru
Trog
Uskayaw
Vehumet
Xom
Yredelemnul
Zin
The Shining One

Annotations:
D:3 Pikel
D:4 Eustachio


Innate Abilities, Weirdness & Mutations

You are very small and have problems with some larger weapons.
You are too small for most types of armour.
You have supernaturally acute eyesight. (SInv)
You cover ground extremely quickly. (Speed+++)


Message History

You completely miss the water moccasin.
The water moccasin is heavily wounded.
The water moccasin completely misses you.
You miss the water moccasin.
The water moccasin is heavily wounded.
The water moccasin closely misses you. The orc priest misses you.
The orc warrior barely misses you.
You closely miss the water moccasin.
The water moccasin is heavily wounded.
The water moccasin closely misses you.
Unknown command.
The orc priest mumbles some strange prayers to Beogh against you.
Pain shoots through your body! The orc completely misses you.
The orc warrior complains repeatedly, as Orcs often do.
The orc warrior attacks as it pursues you!
The orc warrior hits you with a +0 dire flail!
The orc priest calls down the wrath of Beogh upon you.
You resist with some effort.
The orc priest calls down the wrath of Beogh upon you.
Beogh smites you!
The water moccasin completely misses you.
Found a ring mail.
The water moccasin attacks as it pursues you!
The water moccasin bites you.
* * * LOW HITPOINT WARNING * * *
You are lethally poisoned!
The water moccasin poisons you!
* * * LOW HITPOINT WARNING * * *
You feel very sick.
The water moccasin attacks as it pursues you!
The water moccasin closely misses you.
There is an escape hatch in the floor here.
* * * LOW HITPOINT WARNING * * *
You feel very sick. The water moccasin bites you.
* * * LOW HITPOINT WARNING * * *
You are more poisoned.
The water moccasin poisons you!
You fly downwards.
The hatch slams shut behind you.
You die...

.......# #.# ##...## .#######
#.# #.....# .# ### ##+##
##....# .# #.# ##...## ##.#.#
.####.#.###.....## #####.#
.##..# #.#.......## ##.###.#
....## ##......)..####...##.###
.....###.......)..[)[[........#
##....#.#......(@S####...##.#.#
##..#.###.......## ##.###<#.#
##.### ##.....## #.##..#.# #.#
##...## #.##.##.# #)# ##'##
#.##.##.# #.# ##>## #.......#
... ##)))## ####^#### #.#
##.###.## #.# # ##.##
##.#########.#


You could see a water moccasin.

Vanquished Creatures
  A komodo dragon (D:7)
  Grinder (D:6)
  Sigmund (D:5)
  Edmund (D:4)
  Menkaure (D:5)
  A water moccasin (D:7)
  2 orc warriors (D:8)
  3 ogres
  2 centaurs
  2 lemures
  A phantom (D:5)
  2 kobold brigands (D:8)
  4 bullfrogs
  A scorpion (D:5)
  2 wights (D:8)
  A hound (D:6)
  5 orc priests
  2 jellies (D:5)
  Jessica (D:3)
  Ijyb (D:5)
  A sleepcap (D:6)
  2 iguanas (D:6)
  6 orc wizards
  A hound zombie (Ossuary)
  4 mummies (Ossuary)
  10 adders
  2 white imps
  2 ufetubi
  3 adder zombies (Ossuary)
  2 dart slugs
  2 ribbon worms (D:4)
  17 orcs
  6 endoplasms
  3 giant cockroaches
  8 goblins
  5 hobgoblins
  5 jackals
  12 kobolds
  9 quokkas
  5 ball pythons
  5 bats
  A frilled lizard (D:2)
  2 hobgoblin zombies (Ossuary)
  4 jackal zombies (Ossuary)
  A kobold zombie (Ossuary)
  5 rats
  A rat zombie (Ossuary)
159 creatures vanquished.

Vanquished Creatures (collateral kills)
  An orc wizard (D:8)
1 creature vanquished.

Grand Total: 160 creatures vanquished

Notes
Turn   | Place    | Note
-------+----------+-------------------------------------------
     0 | D:1      | dialectric the Spriggan Brigand began the quest for the
                  | Orb.
     0 | D:1      | Reached XP level 1. HP: 10/10 MP: 2/2
    95 | D:1      | Reached XP level 2. HP: 12/15 MP: 3/3
   181 | D:1      | Reached skill level 2 in Dodging
   388 | D:1      | Reached XP level 3. HP: 18/18 MP: 4/4
  1503 | D:3      | Reached XP level 4. HP: 23/23 MP: 5/5
  1825 | D:3      | Noticed Jessica
  1830 | D:3      | Killed Jessica
  2136 | D:3      | Found a hazy altar of Hepliaklqana.
  2136 | D:3      | Found a faded altar of an unknown god.
  2150 | D:3      | Reached skill level 3 in Dodging
  2150 | D:3      | Reached XP level 5. HP: 4/27 MP: 6/6
  2651 | D:4      | Found a staircase to the Ecumenical Temple.
  2668 | D:4      | Noticed Edmund
  2690 | D:4      | Killed Edmund
  2691 | D:4      | Reached XP level 6. HP: 31/32 MP: 7/7
  2745 | D:4      | Found a sand-covered staircase.
  2768 | Ossuary  | Entered an ossuary
  3408 | D:4      | Noticed Pikel
  3423 | D:5      | Entered Level 5 of the Dungeon
  3888 | D:4      | Reached skill level 4 in Dodging
  3925 | Temple   | Entered the Ecumenical Temple
  3934 | Temple   | Became a worshipper of Dithmenos the Shadowed
  3991 | D:5      | Reached XP level 7. HP: 17/36 MP: 8/8
  4088 | D:5      | Noticed Sigmund
  4123 | D:4      | Reached skill level 5 in Short Blades
  4194 | D:4      | Noticed Eustachio
  4261 | D:5      | Noticed Menkaure
  4308 | D:5      | Noticed Ijyb
  4394 | D:6      | Found a glowing silver altar of Zin.
  4546 | D:4      | Found a white marble altar of Elyvilon.
  4605 | D:5      | Killed Sigmund
  4606 | D:5      | Reached skill level 5 in Dodging
  4686 | D:5      | Reached XP level 8. HP: 41/41 MP: 9/9
  4900 | D:5      | Killed Ijyb
  4943 | D:5      | Found a sacrificial altar of Ru.
  4974 | D:5      | Killed Menkaure
  4975 | D:5      | Reached skill level 6 in Dodging
  5547 | D:6      | Noticed Grinder
  5560 | D:6      | Reached * piety under Dithmenos
  5587 | D:6      | Paralysed by Grinder for 3 turns
  5595 | D:6      | Killed Grinder
  5596 | D:6      | Reached skill level 7 in Dodging
  5740 | D:6      | Reached skill level 5 in Throwing
  6388 | D:8      | Reached XP level 9. HP: 23/46 MP: 10/10
  6537 | D:8      | Reached skill level 8 in Dodging
  6710 | D:8      | Reached skill level 5 in Fighting
  7182 | D:8      | Noticed a komodo dragon
  7253 | D:7      | Reached ** piety under Dithmenos
  7432 | D:7      | Killed a komodo dragon
  7433 | D:7      | Reached skill level 9 in Dodging
  7870 | D:8      | Succumbed to a water moccasin's poison

Illustrated notes

Levels and vault maps discovered:
D:1:      saegor_arrival_under_anarchy, layout_rooms, minmay_tall_x
D:2:      layout_basic, solitary_fountain
D:3:      layout_loops_ring, beargit_hepliaklqana_dungeon_heroes,
          small_statue_intersection, minmay_misc_feat_hallway, uniq_jessica
D:4:      layout_layer_cave, nicolae_overflow_hidden_temple,
          minmay_temple_entry_mini_moons, nicolae_ossuary_entry_false_entrances,
          uniq_edmund, uniq_eustachio, uniq_pikel
D:5:      layout_rooms, nicolae_ru_great_annihilating_truth, uniq_ijyb,
          uniq_sigmund, uniq_menkaure
D:6:      layout_rooms, mainiacjoe_overflow_alcove_1, grunt_decor_mini_mirrors,
          grunt_decor_resistance, uniq_grinder
D:7:      layout_basic, kennysheep_orc_sif_temple, serial_shops,
          nicolae_shop_bloodbath_and_beyond, billiards_dpeg, uniq_duvessa
D:8:      layout_loops_corners, erik_lair_dragon
Temple:   nicolae_temple_two_arcs

Skill      XL: |  1  2  3  4  5  6  7  8  9 |
---------------+----------------------------+-----
Stealth        | 6 7 8 |  8.0
Dodging        | 2 3 4 5 7 9 |  9.6
Fighting       | 2 3 4 6 |  6.0
Short Blades   | 3 4 5 7 |  7.9
Throwing       | 3 4 5 |  5.0

Action                     |  1- 3 |  4- 6 |  7- 9 || total
---------------------------+-------+-------+-------++-------
  Melee: Dagger            |   103 |   354 |   557 ||  1014
  Throw: Dart              |       |    15 |    20 ||    35
    Use: Potion            |       |     3 |     1 ||     4
         Scroll            |       |    11 |     3 ||    14
   Stab: Sleeping          |     6 |    10 |    15 ||    31
         Distracted        |     1 |     2 |     1 ||     4
         Paralysed         |       |       |     1 ||     1
 Armour: Robe              |    44 |   103 |   104 ||   251
         Skin              |       |       |     3 ||     3
  Dodge: Dodged            |   119 |   274 |   408 ||   801

Table legend: (Time is in decaauts)
 A = Elapsed time spent in this place.
 B = Non-inter-level travel time spent in this place.
 C = Inter-level travel time spent in this place.
 D = Time resting spent in this place.
 E = Time spent auto-exploring this place.
 F = Levels seen in this place.
 G = Mean time per level.
                   A        B        C        D        E       F      G
               +--------+--------+--------+--------+--------+-----+--------+
         Total |   5686 |   5566 |    120 |    303 |   3428 |  10 |  568.6 |
       Dungeon |   5381 |   5266 |    115 |    303 |   3299 |   8 |  672.6 |
        Temple |     11 |      6 |      5 |      0 |      0 |   1 |   11.0 |
       Ossuary |    292 |    292 |      0 |      0 |    129 |   1 |  292.0 |
               +--------+--------+--------+--------+--------+-----+--------+

Top non-repeatable levels by time:
     D:4: 952 daAuts
     D:5: 852 daAuts
     D:3: 735 daAuts
     D:6: 705 daAuts
     D:8: 627 daAuts
     D:2: 575 daAuts
     D:7: 557 daAuts
     D:1: 376 daAuts
 Ossuary: 292 daAuts
  Temple: 11 daAuts
